AoeStats
← NikNak1876795

Black Forest

510046752Analyzed
2v2 RM · 4d ago on Sep 29, 2026· 49m 1s· 4 players
Game mode
Random Map
Map size
Medium (4 player)
Population
200
Speed
Normal
Resources
Standard
Victory
Conquest
Starting age
Dark Age
Ending age
Imperial Age
RankedLock teamsTeams togetherTeam positionsShared explorationLock speedFull tech treeHidden civsTurbo modeCheats
Victory
Defeat
🇩🇪 Franks · Germany
910
+16
🇨🇳 Magyars · China
901
+17
🇨🇳 Danes · China
917
-17
🇨🇳 Shu · China
915
-16
SCON
11:04 Feudal Age
16:56 Castle Age
16:00 Double-Bit Axe
17:01 Horse Collar
18:28 Stone Mining
23:14 Wheelbarrow
28:35 Bow Saw
28:32 Heavy Plow
32:42 Imperial Age
31:07 Thumb Ring
30:55 Fletching
31:06 Padded Archer Armor
31:12 Scale Barding Armor
31:48 Bloodlines
31:39 Husbandry
32:43 Ballistics
32:21 Bodkin Arrow
32:42 Leather Archer Armor
33:09 Loom
33:40 Hand Cart
33:31 Light Cavalry
34:41 Parthian Tactics
35:09 Gold Mining
37:25 Gold Shaft Mining
36:15 Heavy Cavalry Archer
37:08 Hussar
38:46 Conscription
39:10 Chain Barding Armor
38:51 Bracer
39:21 Ring Archer Armor
40:58 Chemistry
40:35 Plate Barding Armor
41:11 Recurve Bow
45:16 Caravan
NikNak1876795
1:04 Loom
10:33 Feudal Age
11:05 Double-Bit Axe
17:49 Castle Age
22:07 Bow Saw
25:24 Wheelbarrow
26:21 Gold Mining
26:33 Stone Mining
27:50 Hand Cart
27:51 Town Watch
30:09 Gold Shaft Mining
31:27 Fortified Wall
30:58 Treadmill Crane
35:23 Imperial Age
33:49 Pikeman
34:30 Squires
34:16 Gambesons
34:17 Arson
33:54 Man-at-Arms
34:53 Forging
34:44 Scale Mail Armor
34:50 Scale Barding Armor
35:42 Cavalier
36:22 Husbandry
35:45 Capped Ram
37:32 Chemistry
36:53 Ballistics
36:50 Masonry
36:36 Murder Holes
36:28 Long Swordsman
36:29 Halberdier
37:52 Paladin
38:45 Caravan
39:43 Conscription
39:59 Hoardings
41:24 Iron Casting
41:04 Chain Mail Armor
41:10 Chain Barding Armor
41:33 Chivalry
41:50 Heavy Scorpion
46:28 Two-Handed Swordsman
47:52 Champion
49:30 Siege Engineers
49:56 Architecture
Q董香酱E
0:33 Loom
12:46 Feudal Age
15:33 Double-Bit Axe
16:11 Horse Collar
19:04 Castle Age
17:04 Stone Mining
21:06 Gold Mining
25:43 Bow Saw
26:39 Wheelbarrow
27:08 Fishing Lines
27:48 Gillnets
32:38 Imperial Age
30:45 Squires
30:31 Arson
31:36 Hand Cart
31:52 Forging
31:42 Scale Mail Armor
33:44 Gold Shaft Mining
33:46 Stone Shaft Mining
34:32 Conscription
34:20 Siege Engineers
34:07 Elite Jomsviking
35:24 Iron Casting
35:04 Chain Mail Armor
35:23 Heavy Plow
37:18 Blast Furnace
36:45 Northmen's Fury
36:50 Onager
38:11 Plate Mail Armor
38:47 Siege Onager
39:41 Caravan
41:16 Chemistry
40:42 Ballistics
40:59 Fletching
41:10 Padded Archer Armor
41:48 Masonry
41:39 Murder Holes
41:21 Hamask
44:47 Bodkin Arrow
45:07 Leather Archer Armor
48:24 Capped Ram
KaoruRed
0:32 Loom
13:13 Feudal Age
18:40 Castle Age
16:52 Double-Bit Axe
18:01 Horse Collar
22:18 Wheelbarrow
22:01 Bow Saw
23:05 Heavy Plow
24:05 Stone Mining
25:20 Hand Cart
25:18 Town Watch
26:43 Gold Mining
29:34 Squires
29:52 Forging
30:25 Fortified Wall
32:47 Imperial Age
31:10 Masonry
31:04 Crossbowman
31:42 Fletching
32:45 Coiled Serpent Array
34:15 Gold Shaft Mining
34:26 Conscription
35:17 Two-Man Saw
36:47 Thumb Ring
38:31 Hoardings
37:27 Arbalester
39:13 Bodkin Arrow
39:20 Scale Mail Armor
39:20 Padded Archer Armor
40:49 Arson
41:04 Elite Skirmisher
42:24 Elite White Feather Guard
44:45 Architecture
Connection lost

Rejoining the realm…

Still unreachable

The connection could not be restored.

Session expired

The server has moved on; the page needs a fresh start.